 Dungeon Crawl Stone Soup version 0.20.1-1-g8b1a95d (webtiles) character file.

226 acidapple the Slasher (level 5, 0/38 HPs)
             Began as a Demonspawn Gladiator on Sept 7, 2017.
             Was an Initiate of Okawaru.
             Slain by a centaur
             ... wielding a cursed -1 shortbow
              (6 damage)
             ... on level 3 of the Dungeon.
             The game lasted 00:03:16 (1751 turns).

acidapple the Slasher (Demonspawn Gladiator)        Turns: 1751, Time: 00:03:17

Health: 0/38       AC:  6    Str: 14    XL:     5   Next: 69%
Magic:  7/7        EV: 12    Int:  9    God:    Okawaru [......]
Gold:   115        SH:  0    Dex: 16    Spells: 4/4 levels left

rFire    . . .     SeeInvis +   a - +0 long sword
rCold    . . .     Gourm    .   (no shield)
rNeg     . . .     Faith    .   h - +0 ring mail
rPois    .         Spirit   .   c - +0 helmet
rElec    .         Reflect  .   (no cloak)
rCorr    .         Harm     .   (no gloves)
MR       .....                  (no boots)
Stlth    +.........             (no amulet)
Regen    0.2/turn               m - ring of see invisible
MPRegen  0.1/turn               (no ring)

@: no status effects
A: foul stench 1, spiny 1, rot immunity
a: Renounce Religion


You were on level 3 of the Dungeon.
You worshipped Okawaru.
Okawaru was noncommittal.
You were not hungry.

You visited 1 branch of the dungeon, and saw 3 of its levels.

You collected 115 gold pieces.

Inventory:

Hand Weapons
 a - a +0 long sword (weapon)
Missiles
 d - 3 throwing nets (quivered)
Armour
 b - a +0 leather armour
 c - a +0 helmet (worn)
 h - a +0 ring mail (worn)
Jewellery
 m - a ring of see invisible (left hand)
Scrolls
 e - a scroll of fog {unknown}
 g - 2 scrolls of identify
 k - a scroll of noise {unknown}
 l - a scroll of teleportation {unknown}
 o - a scroll of enchant weapon
 p - a scroll of blinking {unknown}
Potions
 i - 4 potions of brilliance
 j - 2 potions of curing
 r - a potion of berserk rage {unknown}
Comestibles
 f - 3 bread rations
 n - a royal jelly
 q - a chunk of flesh


   Skills:
 - Level 2.0 Fighting
 * Level 5.3 Long Blades
 - Level 1.7 Throwing
 - Level 2.6 Dodging
 + Level 3.3 Invocations


You had 4 spell levels left.
You didn't know any spells.

Dungeon Overview and Level Annotations

Branches:
Dungeon (3/15)

Altars:
Ashenzari
Okawaru
Qazlal


Innate Abilities, Weirdness & Mutations

You may emit foul miasma when damaged in melee.
You are partially covered in sharp spines.
You are immune to rotting.


Message History

The orc wizard is lightly wounded.
The orc wizard closely misses you.
You riposte.
You hit the orc wizard but do no damage.
The orc wizard is lightly wounded.
The orc wizard casts a spell at you. The magic dart hits you!
You closely miss the orc wizard.
The orc wizard is lightly wounded.
The orc wizard hits you but does no damage.
You barely miss the orc wizard.
The orc wizard is lightly wounded.
The orc wizard casts a spell.
The orc wizard blinks!
Okay, then.
The centaur hits you with a shortbow!
* * * LOW HITPOINT WARNING * * *
The centaur looks sick.
The orc wizard mumbles some strange words.
The orc wizard seems to speed up.
The centaur hits you with a shortbow.
You die...

.o......# #.. .###
.......... .........# #.#
...# #######.##
.a........##.#####.######
#.... #....##.........#
#....
#.)))##.o.......###....
#.)).##........†.......
#.#.(##........)###....
#. #..c#.........###....
# #.#.@................
#.##...#######.##....
#.####.#######.###.## #.#
#.(.......# #..# #.#
#..######### ##.# #. ##..
#.# #.. #.. ##.. #####)
## #.....


You could see a centaur and an orc wizard.

Vanquished Creatures
  A hound (D:3)
  A worker ant (D:3)
  Robin (D:2)
  An adder (D:2)
  3 gnolls (D:3)
  2 oozes
  4 worms
  3 dart slugs (D:2)
  2 leopard geckos (D:1)
  7 orcs
  5 bats
  4 giant cockroaches
  19 goblins
  7 hobgoblins
  9 jackals
  8 kobolds
  A quokka (D:2)
  A ball python (D:1)
  6 frilled lizards
  3 rats
88 creatures vanquished.

Notes
Turn   | Place    | Note
-------+----------+-------------------------------------------
     0 | D:1      | acidapple the Demonspawn Gladiator began the quest for the Orb.
     0 | D:1      | Reached XP level 1. HP: 16/16 MP: 1/1
    46 | D:1      | Reached skill level 3 in Long Blades
    86 | D:1      | Gained mutation: You are immune to rotting. [demonic ancestry]
    86 | D:1      | Reached XP level 2. HP: 22/22 MP: 2/2
   348 | D:1      | Gained mutation: You are partially covered in sharp spines. [demonic ancestry]
   348 | D:1      | Reached XP level 3. HP: 21/27 MP: 3/3
   558 | D:2      | Reached skill level 4 in Long Blades
   976 | D:2      | Found an iron altar of Okawaru.
   995 | D:2      | Became a worshipper of Warmaster Okawaru
  1000 | D:2      | Gained mutation: You may emit foul miasma when damaged in melee. [demonic ancestry]
  1000 | D:2      | Reached XP level 4. HP: 32/33 MP: 4/4
  1105 | D:2      | Reached skill level 1 in Invocations
  1106 | D:2      | Found a shattered altar of Ashenzari.
  1171 | D:3      | Noticed a centaur
  1217 | D:3      | Noticed Robin
  1223 | D:2      | Killed Robin
  1264 | D:3      | Reached XP level 5. HP: 29/38 MP: 6/6
  1327 | D:3      | Found a stormy altar of Qazlal.
  1344 | D:3      | Reached skill level 5 in Long Blades
  1751 | D:3      | Slain by a centaur

Skill      XL: |  1  2  3  4  5 |
---------------+----------------+-----
Long Blades    | 3 4 5 |  5.3
Invocations    | 2 3 |  3.3
Fighting       | |  2.0
Throwing       | |  1.7
Dodging        | |  2.6

Action                   |  1- 3 |  4- 6 || total
-------------------------+-------+-------++-------
Melee: Long sword        |    79 |    70 ||   149
  Use: Scroll            |       |     3 ||     3
  Eat: Chunk             |       |     3 ||     3
Armor: Leather armour    |    10 |       ||    10
       Ring mail         |    23 |    32 ||    55
Dodge: Dodged            |    75 |    55 ||   130
       Rpst.: Long sword |    22 |    20 ||    42
